Panthers vs Islanders

Created - 1 février 2018 at 17:52

Goals
1 2 3 T
Panthers 1 1 2 4
Islanders 0 2 0 2
Shots
1 2 3 T
Panthers 12 9 12 33
Islanders 10 10 8 28

1st period

1. Panthers , Artem Anisimov 15 (Brock Boeser 1, Brian Campbell 9) at 2:19

Penalties :
Erik Johnson (NYI) for Hooking (Minor) at 7:19, Patrik Laine (FLA) for Holding (Minor) at 10:53

2nd period

2. Panthers , Blake Wheeler 21 (Patrik Laine 23, Joe Thornton 35) at 0:41
3. Islanders , Erik Johnson 4 (Lars Eller 14) at 6:17
4. Islanders , Lars Eller 12 (Sam Bennett 7, Roman Polak 14) at 9:13

Penalties :
Tyler Bozak (NYI) for Cross-checking (Minor) at 3:41, Blake Wheeler (FLA) for Holding (Minor) at 18:56

3rd period

5. Panthers , Patrick Kane 31 (Logan Couture 35, Patrik Laine 24) at 11:22
6. Panthers , Patrik Laine 20 (Blake Wheeler 26) at 13:46

Penalties :
Luca Sbisa (NYI) for Roughing (Minor) at 9:22

Goalie Stats

Corey Crawford (FLA), 26 saves from 28 shots - (0.929), W, 19-24-3, 60:00 minutes
Robin Lehner (NYI), 29 saves from 33 shots - (0.879), L, 6-9-1, 60:00 minutes

Players Stats for Panthers

Player Name              G  A  P  +/- PIM S  H  SB GA TA FO     MP     PP MP  PK MP  
------------------------------------------------------------------------------------
Artem Anisimov           1  0  1   1  0   3  1  0  0  0  7/17   13:37   0:00   1:03 
Blake Wheeler            1  1  2   2  2   6  0  0  0  0  0/0    16:19   2:39   0:00 
Brian Campbell           0  1  1  -1  0   1  0  0  0  0  0/0    15:46   2:52   0:21 
Brock Boeser             0  1  1   1  0   1  0  0  0  0  0/0    12:34   0:00   0:00 
Brooks Orpik             0  0  0  -1  0   0  1  0  0  0  0/0    12:33   0:00   0:00 
David Perron             0  0  0   1  0   0  2  0  0  0  0/0    12:57   0:00   0:23 
Drew Doughty             0  0  0   0  0   1  1  2  0  0  0/0    24:43   3:05   1:46 
Jacob Trouba             0  0  0   0  0   0  4  1  0  0  0/0    24:48   3:05   1:51 
Jesper Fast              0  0  0  -1  0   2  0  0  0  0  0/0     9:00   0:00   2:32 
Joe Thornton             0  1  1   2  0   1  3  0  0  0  13/21  16:32   2:39   0:12 
Justin Braun             0  0  0   3  0   0  0  2  0  0  0/0    19:26   0:00   1:46 
Logan Couture            0  1  1   0  0   6  3  0  0  0  9/25   20:40   3:18   0:00 
Nikolaj Ehlers           0  0  0   0  0   2  2  0  0  0  0/1    20:01   2:39   0:00 
Patrick Kane             1  0  1   0  0   4  2  0  0  0  0/3    20:40   3:18   0:00 
Patrik Laine             1  2  3   2  2   4  1  0  0  0  1/2    16:58   3:18   0:00 
Pierre-Edouard Bellemare 0  0  0  -1  0   0  0  0  0  0  0/0     7:42   0:00   1:14 
T.J. Brodie              0  0  0   3  0   1  0  2  0  0  0/0    22:44   2:52   2:12 
Tanner Kero              0  0  0  -1  0   1  0  0  0  0  5/14    9:00   0:00   2:32 

Players Stats for Islanders

Player Name              G  A  P  +/- PIM S  H  SB GA TA FO     MP     PP MP  PK MP  
------------------------------------------------------------------------------------
Andy Greene              0  0  0  -1  0   1  0  2  0  0  0/0    19:37   1:30   3:48 
Brian Boyle              0  0  0  -1  0   4  0  0  0  0  12/22  16:16   1:41   2:00 
Colin Wilson             0  0  0  -1  0   2  1  0  0  0  3/5    17:30   1:41   3:14 
Erik Johnson             1  0  1   0  2   1  0  0  0  0  0/0    25:21   2:28   1:26 
Josh Anderson            0  0  0  -1  0   4  3  0  0  0  0/1    14:16   1:41   0:00 
Josh Jooris              0  0  0  -1  0   0  1  0  0  0  3/6    12:39   0:00   0:00 
Lars Eller               1  1  2   2  0   2  0  1  0  0  7/13    9:34   0:00   0:32 
Luca Sbisa               0  0  0  -1  2   1  0  0  0  0  0/0    16:59   1:59   0:43 
Mark Fayne               0  0  0  -1  0   3  0  0  0  0  0/0    17:24   0:29   2:37 
Markus Granlund          0  0  0  -1  0   1  0  0  0  0  1/2    12:43   0:01   0:03 
Matt Read                0  0  0  -1  0   0  0  0  0  0  0/0    12:40   0:01   0:00 
Patrick Sharp            0  0  0  -2  0   1  0  0  0  0  1/1    21:08   2:16   3:03 
Pierre-Alexandr Parentea 0  0  0  -2  0   3  2  1  0  0  1/3    19:50   2:16   1:45 
Roman Polak              0  1  1  -2  0   0  8  2  0  0  0/0    21:28   1:30   3:20 
Sam Bennett              0  1  1   2  0   1  1  0  0  0  0/0     9:02   0:00   0:00 
Steven Santini           0  0  0   1  0   0  2  0  0  0  0/0    19:09   0:00   0:00 
Tyler Bozak              0  0  0  -2  2   4  2  0  0  0  18/27  18:05   2:17   0:00 
Zack Kassian             0  0  0   2  0   0  1  0  0  0  2/3    10:19   0:00   1:17 

3 Stars

1 - Patrik Laine (FLA)
2 - Lars Eller (NYI)
3 - Blake Wheeler (FLA)

Power Play

Panthers - 0 on 3 Attempt(s) - 0.00%
Islanders - 0 on 2 Attempt(s) - 0.00%

Penalty Kill

Panthers - 2 on 2 Attempt(s) - 100.00% - Score 0 goal in Penalty Kill
Islanders - 3 on 3 Attempt(s) - 100.00% - Score 0 goal in Penalty Kill

Team Stat

Panthers - Hits : 20 - Faceoff Wins : 35 - Blocked Shots : 7 - Penalty Minutes : 4
Islanders - Hits : 21 - Faceoff Wins : 48 - Blocked Shots : 6 - Penalty Minutes : 6

Official

Referees : Eric Furlatt and Ian Walsh
Linesman : Greg Devorski and Derek Amell

Game Notes

No Game Note

Finance

Level 1 -- Attendance: 5499 (91.65%) -- Ticket Income 621 387 $
Level 2 -- Attendance: 4368 (87.36%) -- Ticket Income 340 704 $
Level 3 -- Attendance: 2000 (100.00%) -- Ticket Income 144 000 $
Level 4 -- Attendance: 1795 (100.00%) -- Ticket Income 91 545 $
Luxury Box -- Attendance: 1000 (100.00%) -- Ticket Income 176 000 $
Game was played at the Barclays Center.
Total Attendance: 14662 (92.83%)
Total Ticket Income: 1 373 636 $
Other Income: 206 045 $
Total Income: 1 579 681 $

% Time on Ice - Panthers

Lines # - Real PCT - Wanted PCT - Time Play
Normal Forward
1 - 35% - 40% - 17:22
2 - 27% - 30% - 13:41
3 - 25% - 20% - 12:34
4 - 13% - 10% - 6:28
Normal Defense
1 - 40% - 40% - 19:52
2 - 35% - 37% - 17:40
3 - 25% - 23% - 12:33
4 - 0% - 0% - 0:00
PP Forward
1 - 55% - 60% - 3:18
2 - 45% - 40% - 2:39
PP Defense
1 - 52% - 60% - 3:05
2 - 48% - 40% - 2:52
PK Forward
1 - 77% - 60% - 3:04
2 - 23% - 40% - 0:54
PK Defense
1 - 55% - 60% - 2:12
2 - 45% - 40% - 1:46
PK3 Forward
1 - 0% - 60%
2 - 0% - 40%
PK3 Defense
1 - 0% - 60%
2 - 0% - 40%
44 Forward
1 - 0% - 60%
2 - 0% - 40%
44 Defense
1 - 0% - 60%
2 - 0% - 40%
Last Minute Offensive  - 0:00
Last Minute Defensive  - 0:00
Total
Forward - 60:00
Defense - 60:00

% Time on Ice - Islanders

Lines # - Real PCT - Wanted PCT - Time Play
Normal Forward
1 - 32% - 40% - 15:49
2 - 25% - 30% - 12:35
3 - 25% - 20% - 12:39
4 - 18% - 10% - 9:02
Normal Defense
1 - 38% - 40% - 19:09
2 - 29% - 30% - 14:19
3 - 29% - 20% - 14:18
4 - 5% - 10% - 2:19
PP Forward
1 - 58% - 60% - 2:17
2 - 42% - 40% - 1:41
PP Defense
1 - 62% - 60% - 2:28
2 - 38% - 40% - 1:30
PK Forward
1 - 71% - 60% - 4:12
2 - 29% - 40% - 1:45
PK Defense
1 - 36% - 60% - 2:09
2 - 64% - 40% - 3:48
PK3 Forward
1 - 0% - 60%
2 - 0% - 40%
PK3 Defense
1 - 0% - 60%
2 - 0% - 40%
44 Forward
1 - 0% - 60%
2 - 0% - 40%
44 Defense
1 - 0% - 60%
2 - 0% - 40%
Last Minute Offensive  - 0:00
Last Minute Defensive  - 0:00
Total
Forward - 60:00
Defense - 60:00

Play by Play

1st period


0:01 of 1st period - Tyler Bozak wins face-off versus Logan Couture in neutral zone.
0:11 of 1st period - Nikolaj Ehlers is hit by Steven Santini and loses puck.
1:16 of 1st period - Icing by T.J. Brodie.
1:17 of 1st period - Josh Jooris wins face-off versus Joe Thornton in Panthers zone.
1:43 of 1st period - Shot by Markus Granlund.
1:43 of 1st period - Stopped by Corey Crawford without a rebound.
1:44 of 1st period - Brian Boyle wins face-off versus Artem Anisimov in Panthers zone.
2:09 of 1st period - Shot by David Perron.
2:09 of 1st period - Shot Misses the Net.
2:11 of 1st period - Shot by Brooks Orpik.
2:11 of 1st period - Shot Misses the Net.
2:13 of 1st period - Shot by Brian Campbell.
2:13 of 1st period - Shot Misses the Net.
2:15 of 1st period - Shot by Artem Anisimov.
2:15 of 1st period - Shot Misses the Net.
2:17 of 1st period - Shot by Brock Boeser.
2:17 of 1st period - Shot Blocked by Andy Greene.
2:19 of 1st period - Shot by Artem Anisimov.
2:19 of 1st period - Goal by Artem Anisimov - Panthers : 1 - Islanders : 0.
2:20 of 1st period - Tanner Kero wins face-off versus Lars Eller in neutral zone.
2:23 of 1st period - Shot by Jesper Fast.
2:23 of 1st period - Stopped by Robin Lehner without a rebound.
2:24 of 1st period - Lars Eller wins face-off versus Tanner Kero in Islanders zone.
2:39 of 1st period - Icing by Mark Fayne.
2:40 of 1st period - Lars Eller wins face-off versus Logan Couture in Islanders zone.
2:45 of 1st period - Shot by Luca Sbisa.
2:45 of 1st period - Stopped by Corey Crawford with a rebound.
2:47 of 1st period - Shot by Mark Fayne.
2:47 of 1st period - Stopped by Corey Crawford without a rebound.
2:48 of 1st period - Tyler Bozak wins face-off versus Logan Couture in Panthers zone.
3:14 of 1st period - Shot by Pierre-Alexandr Parenteau.
3:14 of 1st period - Stopped by Corey Crawford without a rebound.
3:15 of 1st period - Markus Granlund wins face-off versus Artem Anisimov in Panthers zone.
3:30 of 1st period - Shot by Matt Read.
3:30 of 1st period - Shot Misses the Net.
3:32 of 1st period - Shot by Mark Fayne.
3:32 of 1st period - Stopped by Corey Crawford with a rebound.
3:34 of 1st period - Shot by Mark Fayne.
3:34 of 1st period - Stopped by Corey Crawford without a rebound.
3:35 of 1st period - Joe Thornton wins face-off versus Brian Boyle in Panthers zone.
3:35 of 1st period - Joe Thornton is hit by Josh Anderson.
3:48 of 1st period - Icing by Steven Santini.
3:49 of 1st period - Brian Boyle wins face-off versus Logan Couture in Islanders zone.
3:49 of 1st period - Brian Boyle is hit by Nikolaj Ehlers.
3:52 of 1st period - Colin Wilson is hit by Nikolaj Ehlers and loses puck.
4:09 of 1st period - Shot by Logan Couture.
4:09 of 1st period - Stopped by Robin Lehner without a rebound.
4:10 of 1st period - Joe Thornton wins face-off versus Tyler Bozak in Islanders zone.
4:10 of 1st period - Joe Thornton is hit by Roman Polak.
4:14 of 1st period - Shot by Patrik Laine.
4:14 of 1st period - Stopped by Robin Lehner without a rebound.
4:15 of 1st period - Tanner Kero wins face-off versus Tyler Bozak in Islanders zone.
4:19 of 1st period - Jesper Fast is hit by Roman Polak and loses puck.
4:44 of 1st period - Shot by Pierre-Alexandr Parenteau.
4:44 of 1st period - Stopped by Corey Crawford without a rebound.
4:45 of 1st period - Josh Jooris wins face-off versus Joe Thornton in Panthers zone.
4:45 of 1st period - Josh Jooris is hit by Jacob Trouba.
4:47 of 1st period - Shot by Matt Read.
4:47 of 1st period - Shot Misses the Net.
5:02 of 1st period - Markus Granlund is hit by Jacob Trouba and loses puck.
6:10 of 1st period - Patrick Kane is hit by Steven Santini.
7:19 of 1st period - Minor Penalty to Erik Johnson for Hooking.
7:20 of 1st period - Colin Wilson wins face-off versus Logan Couture in Islanders zone.
7:41 of 1st period - Shot by Drew Doughty.
7:41 of 1st period - Shot Misses the Net.
7:43 of 1st period - Shot by Drew Doughty.
7:43 of 1st period - Shot Misses the Net.
8:13 of 1st period - Shot by T.J. Brodie.
8:13 of 1st period - Stopped by Robin Lehner without a rebound.
8:14 of 1st period - Joe Thornton wins face-off versus Pierre-Alexandr Parenteau in Islanders zone.
9:12 of 1st period - Shot by Patrick Kane.
9:12 of 1st period - Stopped by Robin Lehner without a rebound.
9:13 of 1st period - Joe Thornton wins face-off versus Colin Wilson in Islanders zone.
9:16 of 1st period - Shot by Blake Wheeler.
9:16 of 1st period - Shot Misses the Net.
9:40 of 1st period - Shot by Brock Boeser.
9:40 of 1st period - Stopped by Robin Lehner without a rebound.
9:41 of 1st period - Tyler Bozak wins face-off versus Tanner Kero in Islanders zone.
10:00 of 1st period - Shot by Jesper Fast.
10:00 of 1st period - Shot Misses the Net.
10:02 of 1st period - Shot by Jesper Fast.
10:02 of 1st period - Stopped by Robin Lehner without a rebound.
10:03 of 1st period - Logan Couture wins face-off versus Brian Boyle in Islanders zone.
10:16 of 1st period - Shot by Logan Couture.
10:16 of 1st period - Deflect By Patrick Kane.
10:16 of 1st period - Shot Misses the Net.
10:53 of 1st period - Minor Penalty to Patrik Laine for Holding.
10:54 of 1st period - Tyler Bozak wins face-off versus Tanner Kero in Panthers zone.
11:43 of 1st period - Shot by Josh Anderson.
11:43 of 1st period - Shot Blocked by Drew Doughty.
12:51 of 1st period - Shot by Tyler Bozak.
12:51 of 1st period - Stopped by Corey Crawford without a rebound.
12:52 of 1st period - Tanner Kero wins face-off versus Markus Granlund in Panthers zone.
14:05 of 1st period - Shot by Joe Thornton.
14:05 of 1st period - Stopped by Robin Lehner without a rebound.
14:06 of 1st period - Tyler Bozak wins face-off versus Artem Anisimov in Islanders zone.
14:26 of 1st period - Shot by Artem Anisimov.
14:26 of 1st period - Shot Misses the Net.
14:34 of 1st period - Tyler Bozak is hit by David Perron and loses puck.
15:08 of 1st period - Shot by Patrik Laine.
15:08 of 1st period - Stopped by Robin Lehner without a rebound.
15:09 of 1st period - Brian Boyle wins face-off versus Logan Couture in Islanders zone.
15:44 of 1st period - T.J. Brodie is hit by Colin Wilson and loses puck.
16:13 of 1st period - Shot by Lars Eller.
16:13 of 1st period - Shot Misses the Net.
17:05 of 1st period - Shot by Patrik Laine.
17:05 of 1st period - Shot Misses the Net.
17:51 of 1st period - Icing by Brian Campbell.
17:52 of 1st period - Artem Anisimov wins face-off versus Tyler Bozak in Panthers zone.
17:52 of 1st period - Artem Anisimov is hit by Tyler Bozak.
18:08 of 1st period - Shot by Tyler Bozak.
18:08 of 1st period - Stopped by Corey Crawford without a rebound.
18:09 of 1st period - Tanner Kero wins face-off versus Brian Boyle in Panthers zone.
18:17 of 1st period - Pierre-Edouard Bellemare is hit by Josh Anderson and loses puck.
18:40 of 1st period - Shot by Josh Anderson.
18:40 of 1st period - Stopped by Corey Crawford without a rebound.
18:41 of 1st period - Tyler Bozak wins face-off versus Artem Anisimov in Panthers zone.
18:54 of 1st period - Shot by David Perron.
18:54 of 1st period - Shot Blocked by Andy Greene.
19:06 of 1st period - Shot by Artem Anisimov.
19:06 of 1st period - Shot Blocked by Roman Polak.
19:27 of 1st period - Icing by Pierre-Alexandr Parenteau.
19:28 of 1st period - Logan Couture wins face-off versus Tyler Bozak in Islanders zone.
19:51 of 1st period - Shot by Logan Couture.
19:51 of 1st period - Stopped by Robin Lehner with a rebound.
19:53 of 1st period - Shot by Justin Braun.
19:53 of 1st period - Shot Hit the Post.
19:55 of 1st period - Shot by Logan Couture.
19:55 of 1st period - Stopped by Robin Lehner without a rebound.
19:56 of 1st period - Joe Thornton wins face-off versus Lars Eller in Islanders zone.
Goals for this period are 1 for Panthers vs 0 for Islanders.
Shots for this period are 12 for Panthers vs 10 for Islanders.

2nd period


0:01 of 2nd period - Joe Thornton wins face-off versus Tyler Bozak in neutral zone.
0:35 of 2nd period - Shot by Joe Thornton.
0:35 of 2nd period - Shot Blocked by Roman Polak.
0:37 of 2nd period - Shot by Patrik Laine.
0:37 of 2nd period - Shot Hit the Post.
0:41 of 2nd period - Shot by Blake Wheeler.
0:41 of 2nd period - Goal by Blake Wheeler - Panthers : 2 - Islanders : 0.
0:42 of 2nd period - Logan Couture wins face-off versus Josh Anderson in neutral zone.
0:53 of 2nd period - Shot by Nikolaj Ehlers.
0:53 of 2nd period - Shot Misses the Net.
1:13 of 2nd period - Luca Sbisa is hit by Logan Couture and loses puck.
2:36 of 2nd period - Shot by Blake Wheeler.
2:36 of 2nd period - Stopped by Robin Lehner with a rebound.
2:38 of 2nd period - Shot by Patrik Laine.
2:38 of 2nd period - Shot Misses the Net.
2:48 of 2nd period - Shot by Patrik Laine.
2:48 of 2nd period - Shot Misses the Net.
2:56 of 2nd period - Shot by Patrik Laine.
2:56 of 2nd period - Deflect By Blake Wheeler.
2:56 of 2nd period - Shot Misses the Net.
3:27 of 2nd period - Shot by Patrick Sharp.
3:27 of 2nd period - Shot Hit the Post.
3:29 of 2nd period - Shot by Andy Greene.
3:29 of 2nd period - Stopped by Corey Crawford without a rebound.
3:30 of 2nd period - Pierre-Alexandr Parenteau wins face-off versus Logan Couture in Panthers zone.
3:30 of 2nd period - Pierre-Alexandr Parenteau is hit by Brooks Orpik.
3:37 of 2nd period - Icing by Brooks Orpik.
3:38 of 2nd period - Logan Couture wins face-off versus Tyler Bozak in Panthers zone.
3:38 of 2nd period - Logan Couture is hit by Roman Polak.
3:41 of 2nd period - Minor Penalty to Tyler Bozak for Cross-checking.
3:42 of 2nd period - Logan Couture wins face-off versus Colin Wilson in Islanders zone.
4:07 of 2nd period - Shot by Patrik Laine.
4:07 of 2nd period - Shot Misses the Net.
4:50 of 2nd period - Icing by T.J. Brodie.
4:51 of 2nd period - Colin Wilson wins face-off versus Joe Thornton in Panthers zone.
5:16 of 2nd period - Shot by Brian Campbell.
5:16 of 2nd period - Stopped by Robin Lehner without a rebound.
5:17 of 2nd period - Logan Couture wins face-off versus Brian Boyle in Islanders zone.
5:34 of 2nd period - Shot by Logan Couture.
5:34 of 2nd period - Stopped by Robin Lehner without a rebound.
5:35 of 2nd period - Zack Kassian wins face-off versus Joe Thornton in Islanders zone.
5:35 of 2nd period - Zack Kassian is hit by Joe Thornton.
5:45 of 2nd period - Shot by Artem Anisimov.
5:45 of 2nd period - Shot Misses the Net.
5:55 of 2nd period - Shot by Artem Anisimov.
5:55 of 2nd period - Stopped by Robin Lehner without a rebound.
5:56 of 2nd period - Lars Eller wins face-off versus Tanner Kero in Islanders zone.
6:15 of 2nd period - Shot by Lars Eller.
6:15 of 2nd period - Shot Misses the Net.
6:17 of 2nd period - Shot by Erik Johnson.
6:17 of 2nd period - Goal by Erik Johnson - Panthers : 2 - Islanders : 1.
6:18 of 2nd period - Tyler Bozak wins face-off versus Patrick Kane in neutral zone.
7:03 of 2nd period - Roman Polak is hit by Patrick Kane and loses puck.
7:26 of 2nd period - Shot by Brian Boyle.
7:26 of 2nd period - Shot Misses the Net.
7:33 of 2nd period - Icing by T.J. Brodie.
7:34 of 2nd period - Josh Jooris wins face-off versus Joe Thornton in Panthers zone.
7:57 of 2nd period - Shot by Erik Johnson.
7:57 of 2nd period - Shot Misses the Net.
7:59 of 2nd period - Shot by Matt Read.
7:59 of 2nd period - Shot Misses the Net.
9:13 of 2nd period - Shot by Sam Bennett.
9:13 of 2nd period - Deflect By Lars Eller.
9:13 of 2nd period - Goal by Lars Eller - Panthers : 2 - Islanders : 2.
9:14 of 2nd period - Tyler Bozak wins face-off versus Logan Couture in neutral zone.
9:37 of 2nd period - Jacob Trouba is hit by Pierre-Alexandr Parenteau and loses puck.
10:18 of 2nd period - Shot by Zack Kassian.
10:18 of 2nd period - Shot Misses the Net.
10:20 of 2nd period - Shot by Sam Bennett.
10:20 of 2nd period - Stopped by Corey Crawford with a rebound.
10:44 of 2nd period - Shot by Patrik Laine.
10:44 of 2nd period - Deflect By Blake Wheeler.
10:44 of 2nd period - Shot Misses the Net.
10:58 of 2nd period - Shot by Blake Wheeler.
10:58 of 2nd period - Stopped by Robin Lehner without a rebound.
10:59 of 2nd period - Brian Boyle wins face-off versus Artem Anisimov in Islanders zone.
11:12 of 2nd period - Shot by Josh Anderson.
11:12 of 2nd period - Stopped by Corey Crawford without a rebound.
11:13 of 2nd period - Tanner Kero wins face-off versus Tyler Bozak in Panthers zone.
11:42 of 2nd period - Shot by Tyler Bozak.
11:42 of 2nd period - Stopped by Corey Crawford without a rebound.
11:43 of 2nd period - Brian Boyle wins face-off versus Joe Thornton in Panthers zone.
11:46 of 2nd period - Shot by Brian Boyle.
11:46 of 2nd period - Stopped by Corey Crawford without a rebound.
11:47 of 2nd period - Brian Boyle wins face-off versus Joe Thornton in Panthers zone.
11:50 of 2nd period - Shot by Brian Boyle.
11:50 of 2nd period - Stopped by Corey Crawford without a rebound.
11:51 of 2nd period - Patrik Laine wins face-off versus Brian Boyle in Panthers zone.
11:51 of 2nd period - Patrik Laine is hit by Josh Anderson.
12:30 of 2nd period - Off-side.
12:31 of 2nd period - Tyler Bozak wins face-off versus Nikolaj Ehlers in neutral zone.
12:46 of 2nd period - Icing by Andy Greene.
12:47 of 2nd period - Tyler Bozak wins face-off versus Artem Anisimov in Islanders zone.
13:01 of 2nd period - Icing by Brooks Orpik.
13:02 of 2nd period - Artem Anisimov wins face-off versus Josh Jooris in Panthers zone.
13:15 of 2nd period - Brooks Orpik is hit by Josh Jooris and loses puck.
14:06 of 2nd period - Shot by Logan Couture.
14:06 of 2nd period - Stopped by Robin Lehner without a rebound.
14:07 of 2nd period - Joe Thornton wins face-off versus Brian Boyle in Islanders zone.
14:16 of 2nd period - Shot by Blake Wheeler.
14:16 of 2nd period - Stopped by Robin Lehner without a rebound.
14:17 of 2nd period - Tyler Bozak wins face-off versus Tanner Kero in Islanders zone.
14:28 of 2nd period - Shot by Pierre-Alexandr Parenteau.
14:28 of 2nd period - Shot Blocked by T.J. Brodie.
14:34 of 2nd period - Shot by Patrick Sharp.
14:34 of 2nd period - Shot Blocked by Justin Braun.
15:20 of 2nd period - Icing by Andy Greene.
15:21 of 2nd period - Brian Boyle wins face-off versus Logan Couture in Islanders zone.
15:21 of 2nd period - Brian Boyle is hit by Logan Couture.
15:26 of 2nd period - Josh Anderson is hit by Logan Couture and loses puck.
15:39 of 2nd period - Shot by Brian Boyle.
15:39 of 2nd period - Shot Blocked by Jacob Trouba.
15:41 of 2nd period - Shot by Brian Boyle.
15:41 of 2nd period - Stopped by Corey Crawford with a rebound.
16:27 of 2nd period - Matt Read is hit by Joe Thornton and loses puck.
17:25 of 2nd period - Icing by Sam Bennett.
17:26 of 2nd period - Artem Anisimov wins face-off versus Lars Eller in Islanders zone.
17:40 of 2nd period - Icing by Zack Kassian.
17:41 of 2nd period - Lars Eller wins face-off versus Patrick Kane in Islanders zone.
18:15 of 2nd period - Icing by Drew Doughty.
18:16 of 2nd period - Logan Couture wins face-off versus Josh Jooris in Panthers zone.
18:20 of 2nd period - Patrick Kane is hit by Roman Polak and loses puck.
18:25 of 2nd period - Shot by Nikolaj Ehlers.
18:25 of 2nd period - Stopped by Robin Lehner without a rebound.
18:26 of 2nd period - Brian Boyle wins face-off versus Artem Anisimov in Islanders zone.
18:26 of 2nd period - Brian Boyle is hit by David Perron.
18:34 of 2nd period - Shot by Colin Wilson.
18:34 of 2nd period - Stopped by Corey Crawford without a rebound.
18:35 of 2nd period - Joe Thornton wins face-off versus Tyler Bozak in Panthers zone.
18:37 of 2nd period - Icing by Patrik Laine.
18:38 of 2nd period - Joe Thornton wins face-off versus Pierre-Alexandr Parenteau in Panthers zone.
18:53 of 2nd period - Shot by Blake Wheeler.
18:53 of 2nd period - Shot Misses the Net.
18:56 of 2nd period - Minor Penalty to Blake Wheeler for Holding.
18:57 of 2nd period - Brian Boyle wins face-off versus Tanner Kero in Panthers zone.
19:42 of 2nd period - Icing by Tyler Bozak.
19:43 of 2nd period - Tyler Bozak wins face-off versus Artem Anisimov in Islanders zone.
19:43 of 2nd period - Tyler Bozak is hit by Artem Anisimov.
Goals for this period are 1 for Panthers vs 2 for Islanders.
Shots for this period are 9 for Panthers vs 10 for Islanders.

3rd period


0:01 of 3rd period - Tyler Bozak wins face-off versus Tanner Kero in neutral zone.
0:19 of 3rd period - Icing by Erik Johnson.
0:20 of 3rd period - Tyler Bozak wins face-off versus Tanner Kero in Islanders zone.
0:44 of 3rd period - Shot by Tyler Bozak.
0:44 of 3rd period - Stopped by Corey Crawford without a rebound.
0:45 of 3rd period - Brian Boyle wins face-off versus Artem Anisimov in Panthers zone.
1:03 of 3rd period - Shot by Matt Read.
1:03 of 3rd period - Shot Misses the Net.
2:18 of 3rd period - Shot by Colin Wilson.
2:18 of 3rd period - Stopped by Corey Crawford with a rebound.
2:43 of 3rd period - Justin Braun is hit by Tyler Bozak and loses puck.
2:58 of 3rd period - Shot by Pierre-Alexandr Parenteau.
2:58 of 3rd period - Stopped by Corey Crawford without a rebound.
2:59 of 3rd period - Artem Anisimov wins face-off versus Zack Kassian in Panthers zone.
2:59 of 3rd period - Artem Anisimov is hit by Zack Kassian.
3:06 of 3rd period - Icing by Luca Sbisa.
3:07 of 3rd period - Joe Thornton wins face-off versus Lars Eller in Islanders zone.
3:16 of 3rd period - Off-side.
3:17 of 3rd period - Tyler Bozak wins face-off versus Artem Anisimov in neutral zone.
3:20 of 3rd period - Jacob Trouba is hit by Roman Polak and loses puck.
3:31 of 3rd period - Shot by Pierre-Alexandr Parenteau.
3:31 of 3rd period - Shot Misses the Net.
3:48 of 3rd period - Tyler Bozak is hit by Jacob Trouba and loses puck.
4:15 of 3rd period - Shot by Brian Boyle.
4:15 of 3rd period - Shot Misses the Net.
4:56 of 3rd period - Shot by Markus Granlund.
4:56 of 3rd period - Shot Blocked by Drew Doughty.
4:58 of 3rd period - Shot by Matt Read.
4:58 of 3rd period - Shot Misses the Net.
5:10 of 3rd period - Markus Granlund is hit by Drew Doughty and loses puck.
5:26 of 3rd period - Zack Kassian is hit by Jacob Trouba and loses puck.
5:31 of 3rd period - Shot by Lars Eller.
5:31 of 3rd period - Stopped by Corey Crawford without a rebound.
5:32 of 3rd period - Patrick Sharp wins face-off versus Logan Couture in Panthers zone.
5:57 of 3rd period - Shot by Nikolaj Ehlers.
5:57 of 3rd period - Stopped by Robin Lehner without a rebound.
5:58 of 3rd period - Joe Thornton wins face-off versus Brian Boyle in Islanders zone.
6:05 of 3rd period - Shot by Patrik Laine.
6:05 of 3rd period - Stopped by Robin Lehner without a rebound.
6:06 of 3rd period - Lars Eller wins face-off versus Patrik Laine in Islanders zone.
6:06 of 3rd period - Lars Eller is hit by Joe Thornton.
6:14 of 3rd period - Shot by Mark Fayne.
6:14 of 3rd period - Shot Misses the Net.
6:34 of 3rd period - Icing by Mark Fayne.
6:35 of 3rd period - Lars Eller wins face-off versus Logan Couture in Islanders zone.
6:42 of 3rd period - Shot by Sam Bennett.
6:42 of 3rd period - Shot Misses the Net.
6:44 of 3rd period - Shot by Luca Sbisa.
6:44 of 3rd period - Shot Misses the Net.
7:25 of 3rd period - Icing by Justin Braun.
7:26 of 3rd period - Brian Boyle wins face-off versus Logan Couture in Panthers zone.
8:11 of 3rd period - Joe Thornton is hit by Roman Polak.
8:23 of 3rd period - Shot by Blake Wheeler.
8:23 of 3rd period - Stopped by Robin Lehner without a rebound.
8:24 of 3rd period - Tyler Bozak wins face-off versus Tanner Kero in Islanders zone.
9:22 of 3rd period - Minor Penalty to Luca Sbisa for Roughing.
9:23 of 3rd period - Colin Wilson wins face-off versus Patrick Kane in Islanders zone.
9:23 of 3rd period - Colin Wilson is hit by Patrik Laine.
9:56 of 3rd period - Shot by Brian Campbell.
9:56 of 3rd period - Shot Misses the Net.
9:58 of 3rd period - Shot by Brian Campbell.
9:58 of 3rd period - Shot Misses the Net.
10:16 of 3rd period - Shot by Nikolaj Ehlers.
10:16 of 3rd period - Deflect By Blake Wheeler.
10:16 of 3rd period - Stopped by Robin Lehner without a rebound.
10:17 of 3rd period - Joe Thornton wins face-off versus Brian Boyle in Islanders zone.
10:47 of 3rd period - Shot by Nikolaj Ehlers.
10:47 of 3rd period - Shot Hit the Post.
10:49 of 3rd period - Shot by Drew Doughty.
10:49 of 3rd period - Stopped by Robin Lehner without a rebound.
10:50 of 3rd period - Logan Couture wins face-off versus Lars Eller in Islanders zone.
10:57 of 3rd period - Shot by T.J. Brodie.
10:57 of 3rd period - Shot Misses the Net.
10:59 of 3rd period - Shot by T.J. Brodie.
10:59 of 3rd period - Shot Misses the Net.
11:06 of 3rd period - Patrick Kane is hit by Roman Polak and loses puck.
11:22 of 3rd period - Shot by Patrick Kane.
11:22 of 3rd period - Goal by Patrick Kane - Panthers : 3 - Islanders : 2.
11:23 of 3rd period - Artem Anisimov wins face-off versus Josh Jooris in neutral zone.
12:47 of 3rd period - Shot by Tanner Kero.
12:47 of 3rd period - Shot Misses the Net.
12:49 of 3rd period - Shot by Tanner Kero.
12:49 of 3rd period - Stopped by Robin Lehner without a rebound.
12:50 of 3rd period - Tyler Bozak wins face-off versus Logan Couture in Islanders zone.
12:50 of 3rd period - Tyler Bozak is hit by Patrick Kane.
12:56 of 3rd period - Shot by Nikolaj Ehlers.
12:56 of 3rd period - Deflect By Patrick Kane.
12:56 of 3rd period - Stopped by Robin Lehner without a rebound.
12:57 of 3rd period - Logan Couture wins face-off versus Tyler Bozak in Islanders zone.
13:26 of 3rd period - Shot by Logan Couture.
13:26 of 3rd period - Stopped by Robin Lehner with a rebound.
13:28 of 3rd period - Shot by Logan Couture.
13:28 of 3rd period - Shot Blocked by Pierre-Alexandr Parenteau.
13:46 of 3rd period - Shot by Patrik Laine.
13:46 of 3rd period - Goal by Patrik Laine - Panthers : 4 - Islanders : 2.
13:47 of 3rd period - Joe Thornton wins face-off versus Brian Boyle in neutral zone.
13:55 of 3rd period - Icing by Mark Fayne.
13:56 of 3rd period - Brian Boyle wins face-off versus Joe Thornton in Islanders zone.
14:23 of 3rd period - Shot by Josh Anderson.
14:23 of 3rd period - Stopped by Corey Crawford with a rebound.
14:59 of 3rd period - Shot by Matt Read.
14:59 of 3rd period - Shot Blocked by Justin Braun.
15:01 of 3rd period - Shot by Markus Granlund.
15:01 of 3rd period - Deflect By Matt Read.
15:01 of 3rd period - Shot Blocked by T.J. Brodie.
15:03 of 3rd period - Shot by Josh Jooris.
15:03 of 3rd period - Shot Misses the Net.
15:50 of 3rd period - Shot by David Perron.
15:50 of 3rd period - Shot Misses the Net.
15:58 of 3rd period - Shot by Artem Anisimov.
15:58 of 3rd period - Stopped by Robin Lehner with a rebound.
16:29 of 3rd period - Jacob Trouba is hit by Pierre-Alexandr Parenteau.
17:18 of 3rd period - Shot by Josh Anderson.
17:18 of 3rd period - Stopped by Corey Crawford without a rebound.
17:19 of 3rd period - Lars Eller wins face-off versus Logan Couture in Panthers zone.
17:30 of 3rd period - Shot by Logan Couture.
17:30 of 3rd period - Shot Blocked by Lars Eller.
17:32 of 3rd period - Shot by Patrick Kane.
17:32 of 3rd period - Stopped by Robin Lehner without a rebound.
17:33 of 3rd period - Artem Anisimov wins face-off versus Brian Boyle in Islanders zone.
17:33 of 3rd period - David Perron is hit by Roman Polak and loses puck.
17:56 of 3rd period - Shot by Josh Anderson.
17:56 of 3rd period - Shot Misses the Net.
17:58 of 3rd period - Shot by Roman Polak.
17:58 of 3rd period - Shot Misses the Net.
18:00 of 3rd period - Shot by Brian Boyle.
18:00 of 3rd period - Shot Misses the Net.
18:24 of 3rd period - Shot by Patrick Sharp.
18:24 of 3rd period - Stopped by Corey Crawford without a rebound.
18:25 of 3rd period - Zack Kassian wins face-off versus Logan Couture in Panthers zone.
18:47 of 3rd period - Icing by T.J. Brodie.
18:48 of 3rd period - Tyler Bozak wins face-off versus Logan Couture in Panthers zone.
18:49 of 3rd period - Shot by Pierre-Alexandr Parenteau.
18:49 of 3rd period - Shot Misses the Net.
19:48 of 3rd period - Shot by Brian Boyle.
19:48 of 3rd period - Stopped by Corey Crawford without a rebound.
19:49 of 3rd period - Artem Anisimov wins face-off versus Lars Eller in Panthers zone.
19:49 of 3rd period - Artem Anisimov is hit by Sam Bennett.
Goals for this period are 2 for Panthers vs 0 for Islanders.
Shots for this period are 12 for Panthers vs 8 for Islanders.